 Dungeon Crawl Stone Soup version 0.28-a0-32-g8dfe7f97f6 (webtiles) character file.

Game seed: 10064168667280829682

190 Spaninq the Magician (level 6, 0/40 HPs)
             Began as a Djinni Fire Elementalist on July 27, 2021.
             Slain by Ijyb (2 damage)
             ... on level 3 of the Dungeon.
             The game lasted 00:05:43 (2784 turns).

Spaninq the Magician (Djinni Fire Elementalist)     Turns: 2784, Time: 00:05:43

Health: 0/40       AC:  4    Str:  7    XL:     6   Next: 1%
Gold:   60         EV: 12    Int: 18    God:
                   SH:  0    Dex: 14

rFire   + + .      SeeInvis .   c - +0 hand axe
rCold   x . .      Faith    .   (no shield)
rNeg    . . .      Spirit   .   a - +0 robe
rPois   ∞          Reflect  .   (no helmet)
rElec   .          Harm     .   (no cloak)
rCorr   .          Rampage  .   (no gloves)
Will    .....                   (boots unavailable)
Stlth   ++........              (no amulet)
HPRegen 0.13/turn               (no ring)
MPRegen 0.00/turn               (no ring)

@: mighty, flying
A: sickness immunity, fire resistance 2, cold vulnerability 1, float, innate
caster, hp casting, extra vitality 1, iridescent scales 1
a: no special abilities


You were on level 3 of the Dungeon.
You visited 1 branch of the dungeon, and saw 3 of its levels.

You collected 60 gold pieces.

Inventory:

Hand Weapons
 c - a +0 hand axe (weapon)
Armour
 a - a +0 robe (worn)
Scrolls
 d - 6 scrolls of identify {unknown}
 g - a scroll of blinking {unknown}
 h - 3 scrolls of teleportation {unknown}
Potions
 b - a potion of curing {unknown}


   Skills:
 - Level 2.1 Dodging
 - Level 1.5 Stealth
 + Level 4.8 Spellcasting


You couldn't memorise any spells.
You knew the following spells:

 Your Spells              Type           Power      Damage    Failure   Level
a - Foxfire               Conj/Fire      84%        2x1d8     1%          1
b - Conjure Flame         Conj/Fire      21%        6-21      5%          3
c - Inner Flame           Hex/Fire       21%        N/A       5%          3
d - Sticky Flame          Conj/Fire      21%        2d4       19%         4
e - Fireball              Conj/Fire      10%        3d6       45%         5
f - Corona                Hex            23%        N/A       1%          1
g - Wereblood             Tmut           21%        N/A       2%          2
Your spell library was empty.

Dungeon Overview and Level Annotations

Branches:
Dungeon (3/15)

Altars:

Annotations:
D:3 Ijyb


Innate Abilities, Weirdness & Mutations

You are immune to sickness and miasma.
You are immune to poison.
Your flesh is very heat resistant. (rF++)
You are vulnerable to cold. (rC-)
You float through the air rather than walking.
You learn spells naturally, not from books.
Your magical power is your life essence.
You have superior vitality. (+4 HP)
You are partially covered in iridescent scales. (AC +2)


Message History

The foxfire hits Ijyb but does no damage.
Ijyb is lightly wounded.
Casting: Foxfire (safe; 1% risk of failure)
Confirm with . or Enter, or press ? or * to list all spells.
You conjure some foxfire!
* * * LOW HITPOINT WARNING * * *
The foxfire hits Ijyb.
Ijyb is moderately wounded.
The foxfire hits Ijyb.
Ijyb is heavily wounded.
The foxfire hits Ijyb.
Ijyb is severely wounded.
It was a potion of mutation.
You feel extremely strange.
Iridescent scales grow over part of your body.
The foxfire hits Ijyb.
Ijyb is severely wounded.
The foxfire hits the goblin.
The goblin is heavily wounded.
Ijyb hits you but does no damage.
Casting: Foxfire (safe; 1% risk of failure)
Confirm with . or Enter, or press ? or * to list all spells.
You conjure some foxfire!
* * * LOW HITPOINT WARNING * * *
Ijyb misses you.
You closely miss Ijyb.
Ijyb is severely wounded.
You hit the goblin.
The foxfire hits Ijyb.
Ijyb is severely wounded.
The foxfire hits the goblin.
You kill the goblin!
Ijyb hits you with a +0 club.
* * * LOW HITPOINT WARNING * * *
Ijyb screams, "Die!"
Ijyb hits you with a +0 club.
* * * LOW HITPOINT WARNING * * *
The goblin hits you but does no damage.
It was a potion of might.
You feel very mighty all of a sudden. Ijyb hits you with a +0 club.
You die...

.....##...........#
..... #......)....#
..... #...........#
# ..##
#...........##.#
#..............#
#...........##.##.
#########.§.......
#######.#§......
.......)@.......
#######gg....##.
8.8.8.8)#....../
.....)....##.##.
.....)....# .#
...)......#
...........
.........#.#
8.8.8.8..#.#


You could see Ijyb and a goblin.

Vanquished Creatures
  Terence (D:2)
  Jessica (D:2)
  Natasha (twice) (D:3)
  3 adders (D:2)
  A dart slug (D:1)
  3 orcs (D:3)
  3 ball pythons
  8 bats
  3 endoplasms
  3 giant cockroaches
  12 goblins
  4 hobgoblins
  2 jackals (D:1)
  A quokka (D:2)
  4 kobolds
  2 rats (D:2)
53 creatures vanquished.

Vanquished Creatures (others)
  215 foxfires
215 creatures vanquished.

Grand Total: 268 creatures vanquished

Notes
Turn   | Place    | Note
-------+----------+-------------------------------------------
     0 | D:1      | Spaninq the Djinni Fire Elementalist began the quest for
                  | the Orb.
     0 | D:1      | Reached XP level 1. HP: 15/15 MP: 0/0
   257 | D:1      | Reached XP level 2. HP: 17/21 MP: 0/0
   453 | D:1      | Reached skill level 3 in Spellcasting
   620 | D:1      | Reached XP level 3. HP: 14/25 MP: 0/0
   620 | D:1      | Learned a level 1 spell: Corona
  1143 | D:2      | Noticed Jessica
  1150 | D:2      | Killed Jessica
  1151 | D:2      | Reached XP level 4. HP: 23/31 MP: 0/0
  1826 | D:2      | Reached skill level 4 in Spellcasting
  2158 | D:2      | Noticed Terence
  2177 | D:2      | Killed Terence
  2178 | D:2      | Reached XP level 5. HP: 24/35 MP: 0/0
  2178 | D:2      | Learned a level 2 spell: Wereblood
  2598 | D:3      | Noticed Natasha
  2605 | D:3      | Killed Natasha
  2693 | D:3      | Noticed Natasha
  2697 | D:3      | Killed Natasha
  2769 | D:3      | Noticed Ijyb
  2777 | D:3      | Reached XP level 6. HP: 36/40 MP: 0/0
  2781 | D:3      | Gained mutation: You are partially covered in iridescent
                  | scales. (AC +2) [potion of mutation]
  2783 | D:3      | HP: 1/40 [Ijyb (4)]
  2784 | D:3      | Slain by Ijyb

Illustrated notes

Levels and vault maps discovered:
D:1:      lemuel_arrival_lava_pool, layout_basic
D:2:      layout_loops_corners, uniq_jessica, uniq_terence
D:3:      kennysheep_the_goblin_king, layout_basic,
          dilly_ecumenical_altar_fadedgnrine, uniq_natasha

Skill      XL: |  1  2  3  4 |
---------------+-------------+-----
Spellcasting   | 3 4 |  4.8
Dodging        | |  2.1
Stealth        | |  1.5

Action                   |  1- 3 |  4- 6 || total
-------------------------+-------+-------++-------
Melee: Hand axe          |     3 |    10 ||    13
       Unarmed           |     1 |       ||     1
 Cast: Foxfire           |    47 |    82 ||   129
       Wereblood         |       |     1 ||     1
  Use: Potion            |       |     2 ||     2
Armor: Robe              |     1 |     4 ||     5
Dodge: Dodged            |     8 |    14 ||    22

Table legend: (Time is in decaauts)
 A = Elapsed time spent in this place.
 B = Non-inter-level travel time spent in this place.
 C = Inter-level travel time spent in this place.
 D = Time resting spent in this place.
 E = Time spent auto-exploring this place.
 F = Levels seen in this place.
 G = Mean time per level.
                   A        B        C        D        E       F      G
               +--------+--------+--------+--------+--------+-----+--------+
         Total |   2786 |   2726 |     60 |    223 |   2212 |   3 |  928.7 |
       Dungeon |   2786 |   2726 |     60 |    223 |   2212 |   3 |  928.7 |
               +--------+--------+--------+--------+--------+-----+--------+

Top non-repeatable levels by time:
     D:2: 1278 daAuts
     D:1: 1037 daAuts
     D:3: 471 daAuts
